AoeStats
← BYoooo

Hideout

510056423Analyzed
1v1 RM · 3d ago on Sep 29, 2026· 49m 50s· 2 players
Game mode
Random Map
Map size
Tiny (2 player)
Population
200
Speed
Normal
Resources
Standard
Victory
Conquest
Starting age
Dark Age
Ending age
Imperial Age
RankedLock teamsTeams togetherTeam positionsShared explorationLock speedFull tech treeHidden civsTurbo modeCheats
Victory
Defeat
🇩🇪 Franks · Germany
707
+19
🇹🇷 Spanish · Türkiye
783
-19
BYoooo
10:11 Feudal Age
10:40 Double-Bit Axe
19:59 Castle Age
20:19 Gold Mining
20:20 Stone Mining
20:46 Loom
21:37 Wheelbarrow
20:48 Town Watch
21:49 Scale Barding Armor
21:56 Forging
22:05 Bow Saw
23:29 Husbandry
25:45 Hand Cart
33:28 Imperial Age
31:43 Ballistics
32:09 Town Patrol
33:16 Gold Shaft Mining
34:29 Chain Barding Armor
34:44 Iron Casting
35:14 Conscription
34:54 Cavalier
35:53 Chivalry
36:01 Chivalry
36:50 Paladin
38:53 Chemistry
37:36 Treadmill Crane
38:36 Plate Barding Armor
38:19 Elite Throwing Axeman
43:08 Hoardings
45:17 Blast Furnace
46:39 Fletching
46:50 Padded Archer Armor
mumistation
10:57 Feudal Age
12:30 Loom
15:14 Castle Age
13:33 Double-Bit Axe
13:30 Horse Collar
14:46 Gold Mining
15:27 Fletching
15:40 Padded Archer Armor
17:55 Bow Saw
20:01 Stone Mining
22:49 Bloodlines
26:58 Scale Barding Armor
28:17 Husbandry
29:55 Forging
35:04 Imperial Age
33:10 Wheelbarrow
32:22 Town Watch
34:04 Iron Casting
33:34 Elite Skirmisher
34:50 Chain Barding Armor
35:25 Stone Shaft Mining
34:54 Heavy Plow
35:07 Bodkin Arrow
35:28 Leather Archer Armor
36:28 Conscription
36:43 Hand Cart
36:08 Cavalier
36:20 Pikeman
36:26 Pikeman
37:40 Ballistics
37:17 Murder Holes
38:29 Chemistry
38:30 Paladin
40:54 Plate Barding Armor
41:26 Blast Furnace
40:28 Scale Mail Armor
41:04 Ring Archer Armor
40:47 Bracer
41:44 Masonry
45:27 Light Cavalry
Connection lost

Rejoining the realm…

Still unreachable

The connection could not be restored.

Session expired

The server has moved on; the page needs a fresh start.